 Dungeon Crawl Stone Soup version 0.30.1 (webtiles) character file.

Game seed: 7123353185788593189

17409 GimliDwarf the Fighter (level 12, -1/100 HPs)
             Began as a Gnoll Wanderer on July 6, 2023.
             Was a High Priest of Okawaru.
             Slain by a komodo dragon (17 damage)
             ... on level 1 of the Lair of Beasts on July 7, 2023.
             The game lasted 00:35:15 (11918 turns).

GimliDwarf the Fighter (Gnoll Wanderer)            Turns: 11918, Time: 00:35:16

Health: -1/100     AC: 14    Str: 17    XL:     12   Next: 47%
Magic:  23/23      EV: 16    Int:  6    God:    Okawaru [*****.]
Gold:   1210       SH:  0    Dex: 17    Spells: 17/26 levels left

rFire   . . .        a - +3 long sword (vamp)
rCold   . . .        (no shield)
rNeg    . . .        q - +2 troll leather armour {Pargi}
rPois   .            (helmet restricted)
rElec   .            m - +0 cloak
rCorr   .            B - +0 pair of gloves
SInv    .            (no boots)
Will    +....        (no amulet)
Stlth   +++++        t - ring of wizardry
HPRegen 1.16/turn    y - +4 ring of protection
MPRegen 0.18/turn

%: wizardry (x1)
@: no status effects
A: fangs 1, strong nose, distributed training, horns 1, camouflage 1, dopey 1,
strong-willed 1, sense surroundings 1, strong 1
a: Renounce Religion, Heroism, Finesse, Duel


You were on level 1 of the Lair of Beasts.
You worshipped Okawaru.
Okawaru was extremely pleased with you.
You visited 3 branches of the dungeon, and saw 14 of its levels.
You also visited: Sewer.

You collected 1210 gold pieces.

Inventory:

Hand Weapons
 a - a +3 vampiric long sword (weapon)
 l - a +4 quarterstaff of chaos
 D - a +3 scimitar of flaming
Missiles
 i - a throwing net
 r - 7 javelins
 s - 30 poisoned darts
 u - 17 boomerangs (quivered)
 L - 3 boomerangs of dispersal
 M - 5 datura-tipped darts
Armour
 e - a +2 leather armour of cold resistance
 m - a +0 cloak (worn)
 q - a +2 troll leather armour (worn) {Pargi}
 B - a +0 pair of gloves (worn)
 P - the +0 crystal plate armour of Aqeubboav {Int+3}
   (Okawaru gifted it to you on level 1 of the Lair of Beasts)

   Int:       It affects your intelligence (+3).
Jewellery
 b - a ring of fire
 t - a ring of wizardry (left hand)
 y - a +4 ring of protection (right hand)
 E - a ring of protection from fire
 O - a ring of poison resistance
Wands
 A - a wand of iceblast (22)
 F - a wand of digging (5)
 G - a wand of paralysis (6)
 N - a wand of mindburst (5)
Scrolls
 c - 3 scrolls of blinking
 d - a scroll of poison
 j - 6 scrolls of fog
 k - 2 scrolls of fear
 n - 8 scrolls of teleportation
 x - a scroll of amnesia
 H - a scroll of identify
 I - a scroll of brand weapon
Potions
 f - 3 potions of brilliance
 g - 3 potions of mutation
 h - 7 potions of curing
 o - 2 potions of heal wounds
 p - a potion of resistance
 v - a potion of berserk rage
 w - 2 potions of haste
 z - 5 potions of ambrosia
 C - 2 potions of lignification
 J - 2 potions of flight
 K - a potion of magic {unknown}


   Skills:
 + Level 11.4 Fighting
 + Level 7.6 Short Blades
 + Level 10.1 Long Blades
 + Level 7.6 Axes
 + Level 7.6 Maces & Flails
 + Level 7.6 Polearms
 + Level 7.6 Staves
 + Level 7.6 Ranged Weapons
 + Level 7.6 Throwing
 + Level 9.0 Armour
 + Level 8.1 Dodging
 + Level 7.6 Stealth
 + Level 7.6 Shields
 + Level 7.6 Unarmed Combat
 + Level 7.6 Spellcasting
 + Level 6.3 Conjurations
 + Level 6.3 Hexes
 + Level 6.3 Summonings
 + Level 6.3 Necromancy
 + Level 6.3 Translocations
 + Level 6.3 Transmutations
 + Level 6.3 Fire Magic
 + Level 6.3 Ice Magic
 + Level 6.3 Air Magic
 + Level 6.3 Earth Magic
 + Level 6.3 Poison Magic
 + Level 8.3 Invocations
 + Level 7.6 Evocations


You had 17 spell levels left.
You knew the following spells:

 Your Spells              Type           Power      Damage    Failure   Level
a - Ensorcelled Hibernat  Hex/Ice        18%        N/A       1%          2
b - Spider Form           Tmut/Pois      9%         N/A       2%          3
c - Anguish               Hex/Necr       4%         N/A       9%          4

Your spell library contained the following spells:

 Spells                   Type           Power      Damage    Failure   Level
 Foxfire                  Conj/Fire      36%        2x1d5     1%          1


Dungeon Overview and Level Annotations

Branches:
Dungeon (12/15)            Temple (1/1) D:6            Lair (1/5) D:9
    Orc (0/2) D:11          Sewer (visited)

Altars:
Ashenzari
Cheibriados
Dithmenos
Elyvilon
Fedhas
Gozag
Hepliaklqana
Kikubaaqudgha
Makhleb
Nemelex Xobeh
Okawaru
Qazlal
Ru
Sif Muna
Trog
Uskayaw
Vehumet
Wu Jian
Xom
Yredelemnul
Zin
The Shining One

Shops:
D:9 *   D:12 :


Innate Abilities, Weirdness & Mutations

You have very sharp teeth.
Your uncanny sense of smell can sniff out nearby items.
Your experience applies equally to all skills.
You have a pair of small horns on your head.
Your skin changes colour to match your surroundings (Stealth+).
You are dopey. (Int -2)
You are strong-willed. (Will+)
You passively map a small area around you.
Your muscles are strong. (Str +4, Int/Dex -1)


Message History

You feel sick. The komodo dragon bites you.
Your Armour skill increases to level 9!
You hit the komodo dragon.
You feel better.
You headbutt the komodo dragon, but do no damage.
You bite the komodo dragon, but do no damage.
The komodo dragon is lightly wounded.
You feel sick.
You hit the komodo dragon but do no damage.
You bite the komodo dragon, but do no damage.
The komodo dragon is lightly wounded.
You feel sick.
The komodo dragon completely misses you.
You slash the komodo dragon!
You feel better.
You headbutt the komodo dragon.
The komodo dragon is moderately wounded.
You feel sick. The komodo dragon bites you.
You hit the komodo dragon but do no damage.
The komodo dragon is moderately wounded.
You feel sick. The komodo dragon bites you!
You slash the komodo dragon!
You feel better.
Your bite misses the komodo dragon.
The komodo dragon is heavily wounded.
You feel sick. The komodo dragon bites you!
You slash the komodo dragon!
You punch the komodo dragon, but do no damage.
The komodo dragon is almost dead.
You feel sick.
The komodo dragon hisses menacingly.
The komodo dragon bites you!!
* * * LOW HITPOINT WARNING * * *
You hit the komodo dragon. Your headbutt misses the komodo dragon.
The komodo dragon is almost dead.
You feel sick.
You are no longer poisoned.
The komodo dragon closely misses you.
You hit the komodo dragon but do no damage.
You headbutt the komodo dragon, but do no damage.
You bite the komodo dragon, but do no damage.
The komodo dragon is almost dead.
The komodo dragon bites you!
You die...

###.....#....###...##....###..
.......+...................+.#
........8.....8..8..8.....8###
..................... , *
....P#P..#....##...#. ∆
#........#.....###.# * ,
.###.....#....### *# , . *
.####.....#.....####...#
...#*#.....#....@8....#* ,
~~## ......##..l....## ~.#
........##.>..## ~.# ........
####... ≈.#*, .......# *#..#*
~~# ......* * .... , ....,
.... * ... ...## ,,, * #P ,
...#


You could see a komodo dragon.

Vanquished Creatures
  Erica (D:8)
  A two-headed ogre (D:11)
  Lodul (D:12)
  3 elephants (Lair:1)
  2 black mambas (Lair:1)
  A gargoyle (D:12)
  An unseen horror (D:10)
  2 rime drakes
  A queen bee (D:10)
  4 trolls
  5 blink frogs (Lair:1)
  6 shadows
  2 wraiths
  13 yaks
  A wyvern (D:10)
  Menkaure (D:4)
  2 vampire mosquitoes (D:11)
  Edmund (D:6)
  4 acid dragons
  A water moccasin (D:6)
  7 orc warriors
  Pargi (Sewer)
  A sky beast (D:8)
  A black bear (D:5)
  10 ogres
  6 ice beasts
  2 wolves (D:9)
  3 centaurs
  3 bullfrogs
  2 kobold brigands
  Blork the orc (D:5)
  A gnoll sergeant (D:5)
  4 scorpions
  5 wights (D:9)
  48 killer bees
  3 howler monkeys (D:11)
  3 hounds (D:5)
  2 jellies (D:5)
  3 orc priests
  Crazy Yiuf (D:2)
  3 iguanas
  A sleepcap (D:5)
  Terence (D:3)
  5 orc wizards
  4 gnolls (D:5)
  8 adders
  A river rat (D:3)
  A shadow imp (D:7)
  3 white imps
  An ufetubus (D:4)
  4 worms
  A dart slug (D:4)
  39 orcs
  4 endoplasms
  12 giant cockroaches
  9 goblins
  11 hobgoblins
  19 kobolds
  7 quokkas
  6 ball pythons
  4 bats
  8 frilled lizards
  4 rats
  A butterfly (D:6)
317 creatures vanquished.

Notes
Turn   | Place    | Note
-------+----------+-------------------------------------------
     0 | D:1      | GimliDwarf the Gnoll Wanderer began the quest for the Orb.
     0 | D:1      | GimliDwarf set off with the following items: a +1 long
                  | sword, a +0 scale mail, a scroll of blinking.
     0 | D:1      | Reached XP level 1. HP: 26/26 MP: 1/1
   227 | D:1      | Noticed a floating eye
   228 | D:1      | Found a faded altar of an unknown god.
   231 | D:1      | Noticed a floating eye
   241 | D:1      | Noticed a shining eye
   243 | D:1      | Noticed a golden eye
   245 | D:1      | Reached XP level 2. HP: 31/33 MP: 2/2
   629 | D:2      | Reached XP level 3. HP: 38/38 MP: 3/3
   709 | D:2      | Reached skill level 1 in Invocations
   808 | D:2      | Reached skill level 1 in Short Blades
   808 | D:2      | Reached skill level 1 in Axes
   808 | D:2      | Reached skill level 1 in Maces & Flails
   808 | D:2      | Reached skill level 1 in Polearms
   808 | D:2      | Reached skill level 1 in Staves
   808 | D:2      | Reached skill level 1 in Ranged Weapons
   808 | D:2      | Reached skill level 1 in Throwing
   808 | D:2      | Reached skill level 1 in Stealth
   808 | D:2      | Reached skill level 1 in Shields
   808 | D:2      | Reached skill level 1 in Unarmed Combat
   808 | D:2      | Reached skill level 1 in Spellcasting
   808 | D:2      | Reached skill level 1 in Evocations
   816 | D:2      | Identified the +2 robe of the Slug {rC+ Will- Int+2 Stlth+}
   865 | D:2      | Found a runed translucent door.
   866 | D:2      | Noticed Crazy Yiuf
   946 | D:2      | Reached XP level 4. HP: 25/45 MP: 5/5
  1493 | D:2      | Killed Crazy Yiuf
  1494 | D:2      | Reached skill level 1 in Conjurations
  1494 | D:2      | Reached skill level 1 in Hexes
  1494 | D:2      | Reached skill level 1 in Summonings
  1494 | D:2      | Reached skill level 1 in Necromancy
  1494 | D:2      | Reached skill level 1 in Translocations
  1494 | D:2      | Reached skill level 1 in Transmutations
  1494 | D:2      | Reached skill level 1 in Fire Magic
  1494 | D:2      | Reached skill level 1 in Ice Magic
  1494 | D:2      | Reached skill level 1 in Air Magic
  1494 | D:2      | Reached skill level 1 in Earth Magic
  1494 | D:2      | Reached skill level 1 in Poison Magic
  1550 | D:3      | Noticed a scorpion
  1556 | D:3      | Killed a scorpion
  1557 | D:3      | Reached XP level 5. HP: 50/51 MP: 5/7
  1634 | D:3      | Found a glowing drain.
  1707 | Sewer    | Entered a sewer
  1892 | Sewer    | Noticed Pargi
  1899 | Sewer    | Killed Pargi
  1900 | Sewer    | Reached skill level 5 in Armour
  1900 | Sewer    | Reached XP level 6. HP: 48/57 MP: 7/9
  2416 | D:3      | Found a bloodstained altar of Trog.
  2416 | D:3      | Noticed Terence
  2422 | D:3      | Killed Terence
  2440 | D:3      | Found a shimmering blue altar of Sif Muna.
  2447 | D:3      | Got Sif Muna's Papyrus of Immolation
  2957 | D:4      | Noticed Menkaure
  2962 | D:4      | Killed Menkaure
  2963 | D:4      | Reached XP level 7. HP: 37/63 MP: 10/10
  2987 | D:4      | Gained mutation: Your spells are a little easier to cast,
                  | but a little less powerful. [potion of mutation]
  2987 | D:4      | Gained mutation: You are frail. (-10% HP) [potion of
                  | mutation]
  2987 | D:4      | Gained mutation: You have a pair of small horns on your
                  | head. [potion of mutation]
  2988 | D:4      | Lost mutation: You are frail. (-10% HP) [potion of
                  | mutation]
  2988 | D:4      | Lost mutation: Your spells are a little easier to cast, but
                  | a little less powerful. [potion of mutation]
  2988 | D:4      | Gained mutation: You are dopey. (Int -2) [potion of
                  | mutation]
  2988 | D:4      | Gained mutation: Your skin changes colour to match your
                  | surroundings (Stealth+). [potion of mutation]
  2988 | D:4      | Gained mutation: You have hidden genetic potential. [potion
                  | of mutation]
  2988 | D:4      | Gained mutation: You are strong-willed. (Will+) [potion of
                  | mutation]
  3096 | D:4      | Found an iron altar of Okawaru.
  3105 | D:4      | Became a worshipper of Warmaster Okawaru
  3562 | D:4      | Found a basalt altar of Yredelemnul.
  3572 | D:4      | Found a glowing golden altar of the Shining One.
  3574 | D:4      | Noticed an angel
  3842 | D:5      | Entered Level 5 of the Dungeon
  3874 | D:5      | Reached skill level 9 in Fighting
  3898 | D:5      | Found a hide-covered altar of Uskayaw.
  3898 | D:5      | Noticed a +0 short sword
  3898 | D:5      | Noticed a +0 spear
  3899 | D:5      | Noticed a +0 falchion
  3899 | D:5      | Noticed a +0 spear
  3899 | D:5      | Noticed a +0 dagger
  3899 | D:5      | Noticed a +0 dagger
  3902 | D:5      | Noticed a +0 short sword
  3908 | D:5      | Noticed a +0 falchion
  3947 | D:5      | Reached XP level 8. HP: 71/71 MP: 12/12
  4002 | D:5      | Noticed Blork the orc
  4015 | D:5      | Killed Blork the orc
  4029 | D:5      | Gained mutation: You passively map a small area around you.
                  | [hidden potential]
  4073 | D:5      | Reached * piety under Okawaru
  4156 | D:5      | Noticed a shadow
  4177 | D:5      | Killed a shadow
  4376 | D:5      | Found a blossoming altar of Fedhas.
  4750 | D:6      | Found a staircase to the Ecumenical Temple.
  4757 | Temple   | Entered the Ecumenical Temple
  4972 | D:6      | Noticed Edmund
  4986 | D:6      | Killed Edmund
  5082 | D:6      | Found a white marble altar of Elyvilon.
  5104 | D:6      | Learned a level 2 spell: Ensorcelled Hibernation
  5108 | D:6      | Learned a level 3 spell: Spider Form
  5147 | D:6      | Reached ** piety under Okawaru
  5148 | D:6      | Reached XP level 9. HP: 65/77 MP: 13/15
  5193 | D:6      | Gained mutation: Your muscles are strong. (Str +4, Int/Dex
                  | -1) [hidden potential]
  5193 | D:6      | Lost mutation: You have hidden genetic potential. [hidden
                  | potential expressed]
  5558 | D:6      | Reached skill level 5 in Dodging
  5594 | D:6      | Found a hazy altar of Hepliaklqana.
  6054 | D:7      | Found a radiant altar of Vehumet.
  6262 | D:7      | Reached skill level 5 in Invocations
  6268 | D:7      | Reached *** piety under Okawaru
  6612 | D:7      | Identified the +3 chain mail "Pyxoivecim" {rPois rF- Dex+2}
  7045 | D:8      | Noticed Erica
  7064 | D:8      | Killed Erica
  7064 | D:8      | Reached **** piety under Okawaru
  7065 | D:8      | Reached skill level 10 in Fighting
  7065 | D:8      | Reached skill level 5 in Short Blades
  7065 | D:8      | Reached skill level 5 in Axes
  7065 | D:8      | Reached skill level 5 in Maces & Flails
  7065 | D:8      | Reached skill level 5 in Polearms
  7065 | D:8      | Reached skill level 5 in Staves
  7065 | D:8      | Reached skill level 5 in Ranged Weapons
  7065 | D:8      | Reached skill level 5 in Throwing
  7065 | D:8      | Reached skill level 5 in Stealth
  7065 | D:8      | Reached skill level 5 in Shields
  7065 | D:8      | Reached skill level 5 in Unarmed Combat
  7065 | D:8      | Reached skill level 5 in Spellcasting
  7065 | D:8      | Reached skill level 5 in Evocations
  7065 | D:8      | Reached XP level 10. HP: 63/85 MP: 17/17
  7416 | D:8      | Received a gift from Okawaru
  7776 | D:8      | Learned a level 4 spell: Anguish
  7869 | D:9      | Received a gift from Okawaru
  7938 | D:9      | Found a staircase to the Lair.
  8191 | D:9      | You fall into a shaft and drop 3 floors!
  8261 | D:12     | Noticed Lodul
  8273 | D:12     | Killed Lodul
  8274 | D:12     | Reached skill level 5 in Conjurations
  8274 | D:12     | Reached skill level 5 in Hexes
  8274 | D:12     | Reached skill level 5 in Summonings
  8274 | D:12     | Reached skill level 5 in Necromancy
  8274 | D:12     | Reached skill level 5 in Translocations
  8274 | D:12     | Reached skill level 5 in Transmutations
  8274 | D:12     | Reached skill level 5 in Fire Magic
  8274 | D:12     | Reached skill level 5 in Ice Magic
  8274 | D:12     | Reached skill level 5 in Air Magic
  8274 | D:12     | Reached skill level 5 in Earth Magic
  8274 | D:12     | Reached skill level 5 in Poison Magic
  8274 | D:12     | Reached XP level 11. HP: 68/92 MP: 11/20
  8429 | D:12     | Noticed a cyclops
  8487 | D:12     | Received a gift from Okawaru
  8543 | D:12     | Found Miczasuz's Vocational Training.
  8589 | D:11     | Found a shadowy altar of Dithmenos.
  8726 | D:11     | Reached ***** piety under Okawaru
  8741 | D:10     | Entered Level 10 of the Dungeon
  9037 | D:9      | Found Mous's Assorted Antiques.
  9395 | D:10     | Received a gift from Okawaru
  9546 | D:10     | Found a broken altar of Ashenzari.
  9692 | D:10     | Received a gift from Okawaru
 10151 | D:10     | Identified the +1 leather armour of the Nine of Wands
                  | {Dex+3}
 10322 | D:11     | Received a gift from Okawaru
 10400 | D:11     | Reached skill level 11 in Fighting
 10739 | D:11     | Received a gift from Okawaru
 10822 | D:11     | Reached XP level 12. HP: 100/100 MP: 22/22
 10853 | D:11     | Noticed a two-headed ogre
 10858 | D:11     | Killed a two-headed ogre
 10858 | D:11     | Received a gift from Okawaru
 10882 | D:11     | Received a gift from Okawaru
 10954 | D:11     | Found a staircase to the Orcish Mines.
 11425 | Lair:1   | Entered Level 1 of the Lair of Beasts
 11495 | Lair:1   | Received a gift from Okawaru
 11505 | Lair:1   | Reached skill level 10 in Long Blades
 11723 | Lair:1   | Identified the +0 crystal plate armour of Aqeubboav {Int+3}
                  | (Okawaru gifted it to you on level 1 of the Lair of Beasts)
 11723 | Lair:1   | Received a gift from Okawaru
 11918 | Lair:1   | Slain by a komodo dragon

Illustrated notes

Levels and vault maps discovered:
D:1:      onia_arrival_pyramid, layout_rooms,
          hellmonk_ecumenical_altar_watching_god, st_stairs_12
D:2:      minmay_kobold_bridge, layout_loops_cross, minmay_tree_intersection,
          kennysheep_generic_room_15, uniq_crazy_yiuf_cottage
D:3:      kennysheep_six_static_rooms, layout_basic,
          nzn_overflow_gifts_of_might_and_magic, portal_sewer_entry_a,
          kennysheep_orc_chapel
D:4:      layout_loops_corners, grunt_temple_overflow_holy_war,
          okawaru_ov_weapons_minmay, nicolae_kite_square_tiling_tiny,
          uniq_menkaure
D:5:      layout_basic, fedhas_altar_3, nicolae_uskayaw_en_pointe,
          uniq_blork_the_orc
D:6:      layout_cave_pools, nicolae_hepliaklqana_hippocampus, elyvilon_altar_3,
          minmay_temple_entry_butterflies, chequers_decorated_corner,
          minmay_misc_feat_hallway, kennysheep_cross_bottleneck, uniq_edmund
D:7:      corexii_shack_village, layout_loops_corners, nicolae_vehumet_radiance
D:8:      layout_loops_corners, uniq_erica
D:9:      layout_roguey, hellmonk_lair_entry_icy, serial_shops,
          nicolae_shop_tiny_statue_garden, amcnicky_mini_pool_small
D:10:     layout_roguey [special_room_bee], ashenzari_altar_1
D:11:     layout_loops_corners, david_orc_4, minmay_misc_feat_doors,
          grunt_dithmenos_shadows
D:12:     layout_stronghold, minivault_22, nicolae_shop_vocational, uniq_lodul,
          uniq_fannar
Temple:   grunt_temple_mini_profane
Lair:1:   layout_layer_cave, special_room, gammafunk_ghost_necromancy,
          minivault_27, lemuel_old_faithful, grunt_megastairs_5,
          lemuel_fruit_tree, infiniplex_staircase_pool_2

Skill      XL: |  1  2  3  4  5  6  7  8  9 10 11 12 |
---------------+-------------------------------------+-----
Invocations    | 1 2 3 4 5 6 7 8 |  8.3
Short Blades   | 1 2 3 4 5 6 7 |  7.6
Axes           | 1 2 3 4 5 6 7 |  7.6
Maces & Flails | 1 2 3 4 5 6 7 |  7.6
Polearms       | 1 2 3 4 5 6 7 |  7.6
Staves         | 1 2 3 4 5 6 7 |  7.6
Ranged Weapons | 1 2 3 4 5 6 7 |  7.6
Throwing       | 1 2 3 4 5 6 7 |  7.6
Stealth        | 1 2 3 4 5 6 7 |  7.6
Shields        | 1 2 3 4 5 6 7 |  7.6
Unarmed Combat | 1 2 3 4 5 6 7 |  7.6
Spellcasting   | 1 2 3 4 5 6 7 |  7.6
Evocations     | 1 2 3 4 5 6 7 |  7.6
Conjurations   | 1 2 3 4 5 6 |  6.3
Hexes          | 1 2 3 4 5 6 |  6.3
Summonings     | 1 2 3 4 5 6 |  6.3
Necromancy     | 1 2 3 4 5 6 |  6.3
Translocations | 1 2 3 4 5 6 |  6.3
Transmutations | 1 2 3 4 5 6 |  6.3
Fire Magic     | 1 2 3 4 5 6 |  6.3
Ice Magic      | 1 2 3 4 5 6 |  6.3
Air Magic      | 1 2 3 4 5 6 |  6.3
Earth Magic    | 1 2 3 4 5 6 |  6.3
Poison Magic   | 1 2 3 4 5 6 |  6.3
Dodging        | 3 4 5 6 7 8 |  8.1
Armour         | 5 6 7 8 9 |  9.0
Long Blades    | 7 8 9 10 | 10.1
Fighting       | 9 10 11 | 11.4

Action                     |  1- 3 |  4- 6 |  7- 9 | 10-12 || total
---------------------------+-------+-------+-------+-------++-------
  Melee: Long sword        |    74 |    63 |   115 |   683 ||   935
         Bite              |     7 |    10 |    30 |   102 ||   149
         Short sword       |       |     5 |       |       ||     5
         Punch             |       |     1 |     2 |    37 ||    40
         Quarterstaff      |       |    51 |   162 |       ||   213
         Headbutt          |       |       |    62 |   168 ||   230
  Throw: Javelin           |       |     9 |     9 |     6 ||    24
         Dart              |       |       |     2 |     7 ||     9
         Throwing net      |       |       |     1 |       ||     1
         Boomerang         |       |       |       |    71 ||    71
   Cast: Ensorcelled Hiber |       |       |       |     4 ||     4
 Invoke: Heroism           |       |       |     1 |     4 ||     5
         Finesse           |       |       |       |     1 ||     1
  Evoke: Wand              |       |       |     1 |     5 ||     6
    Use: Scroll            |       |     8 |    10 |     8 ||    26
         Potion            |       |       |     6 |     1 ||     7
   Stab: Sleeping          |       |     4 |    14 |     4 ||    22
         Confused          |       |       |     1 |       ||     1
 Armour: Scale mail        |    35 |    31 |       |       ||    66
         Troll leather arm |       |    14 |   111 |   266 ||   391
  Dodge: Dodged            |    36 |    68 |   218 |   562 ||   884
